 Dungeon Crawl Stone Soup version 0.31-a0-365-gcf821cafb2 (webtiles) character file.

Game seed: 16103023201336206642

60 lunkers the Ruffian (level 4, 0/35 HPs)
             Began as a Meteoran Shapeshifter on July 27, 2023.
             Killed by nerve-wracking pain
             ... invoked by Jessica
              (8 damage)
             ... on level 2 of the Dungeon.
             The game lasted 00:01:28 (538 turns).

lunkers the Ruffian (Meteoran Shapeshifter)          Turns: 538, Time: 00:01:29

Health: 0/35       AC:  5    Str: 17    XL:     4   Next: 48%
Magic:  5/5        EV: 11    Int:  9    God:
Gold:   47         SH:  0    Dex: 16    Spells: 3/3 levels left

rFire   . .          .
                       - Unarmed
rCold   . . .        (no shield)
rNeg    . . .        g - +0 ring mail
rPois   .            (helmet currently unavailable)
rElec   .            (cloak currently unavailable)
rCorr   .            (gloves currently unavailable)
SInv    .            (boots currently unavailable)
Will    .....        (no amulet)
Stlth   +            (no ring)
HPRegen 0.25/turn    (no ring)
MPRegen 0.09/turn

%: no passive effects
@: beast-form, glowing
A: beast (slay +2), sense surroundings 1, otherworldly, glowing, explore regen
a: Begin Untransformation


You were on level 2 of the Dungeon.
You were a hulking beast.
You visited 1 branch of the dungeon, and saw 2 of its levels.

You collected 47 gold pieces.

Inventory:

Armour
 a - a +0 animal skin
 g - a +0 ring mail (worn)
 h - a +0 cloak
Talismans
 c - a beast talisman
Scrolls
 d - 2 scrolls of identify {unknown}
 f - a scroll of teleportation {unknown}
Potions
 b - 2 potions of lignification
 e - a potion of invisibility {unknown}
 i - a potion of attraction {unknown}


   Skills:
 - Level 1.1 Fighting
 - Level 2.4 Dodging
 * Level 5.8 Unarmed Combat
 - Level 3.6 Shapeshifting


You had 3 spell levels left.
You didn't know any spells.
Your spell library was empty.

Dungeon Overview and Level Annotations

Branches:
Dungeon (2/15) Zot: 666

Altars:

Annotations:
D:2 Jessica


Innate Abilities, Weirdness & Mutations

You are a hulking beast.
Your limbs bulge with bestial killing power. (Slay +2)
You passively map a small area around you.
You are easily found by Zot.
You glow in the dark.
You regain HP and MP as you explore.


Message History

You hit Jessica.
Jessica is lightly wounded.
The quokka bites you but does no damage.
Jessica gestures wildly.
Jessica hits you with a +0 dagger.
You barely miss Jessica.
Jessica is lightly wounded.
The quokka bites you but does no damage.
You hit Jessica.
Jessica is moderately wounded.
Jessica gestures wildly while chanting.
Jessica blinks!
The quokka bites you.
You hit the quokka.
The quokka is heavily wounded.
The quokka bites you but does no damage.
You closely miss the quokka.
The quokka is heavily wounded.
The quokka bites you.
You punch the quokka!
You kill the quokka!
Jessica gestures wildly while chanting.
Jessica blinks!
Jessica closely misses you.
There is an open door here.
You hit Jessica.
Jessica is heavily wounded.
Jessica casts a spell.
Jessica blinks!
Jessica hits you with a +0 dagger.
* * * LOW HITPOINT WARNING * * *
You completely miss Jessica.
Jessica is heavily wounded.
Jessica points at you and mumbles some strange words.
Pain shoots through your body!
* * * LOW HITPOINT WARNING * * *
You hit Jessica.
Jessica is almost dead.
Jessica points at you and mumbles some strange words.
Pain shoots through your body!
You die...

###.........##..
####..............#
####....####..†#.#####
#.........##..†#.#
#.##.......#...###
#.#..#####.....#
#...##.!.##....#
#..§#.....#....#
#...'h†...#..###
#...#.@...#..#
#...##...##..#
###.|#####..##
##.......## ##.....##
#######


You could see Jessica.

Vanquished Creatures
  A gnoll (D:1)
  An adder (D:2)
  A worm (D:2)
  A ball python (D:1)
  3 endoplasms
  A giant cockroach (D:1)
  2 goblins
  6 hobgoblins
  3 quokkas
  6 bats
  A frilled lizard (D:1)
  8 kobolds
  2 rats
36 creatures vanquished.

Notes
Turn   | Place    | Note
-------+----------+-------------------------------------------
     0 | D:1      | lunkers the Meteoran Shapeshifter began the quest for the
                  | Orb.
     0 | D:1      | Reached XP level 1. HP: 16/16 MP: 2/2
    49 | D:1      | Reached skill level 4 in Unarmed Combat
   104 | D:1      | Reached XP level 2. HP: 11/23 MP: 3/3
   183 | D:1      | Reached XP level 3. HP: 21/28 MP: 4/4
   188 | D:1      | Reached skill level 5 in Unarmed Combat
   251 | D:2      | Reached XP level 4. HP: 35/35 MP: 5/5
   409 | D:2      | Identified the +2 dagger of Untimely Demise {drain, +Blink
                  | SInv}
   525 | D:2      | Noticed Jessica
   538 | D:2      | Killed from afar by Jessica

Illustrated notes

Levels and vault maps discovered:
D:1:      elethiomel_arrival_quiet, layout_basic, serial_bayou,
          serial_bayou_lagoon_a, serial_bayou_crossing, serial_bayou_shore_b,
          serial_bayou_lagoon_b, serial_bayou_ford_a, serial_bayou_pond_c,
          minmay_misc_feat_tiny
D:2:      layout_rooms, kennysheep_jessica_study

Skill      XL: |  1  2  3 |
---------------+----------+-----
Unarmed Combat | 4 5 |  5.8
Fighting       | |  1.1
Dodging        | |  2.4
Shapeshifting  | |  3.6

Action                     |  1- 3 |  4- 6 || total
---------------------------+-------+-------++-------
  Melee: Unarmed           |    54 |    36 ||    90
         Punch             |       |     1 ||     1
 Armour: Animal skin       |    12 |     1 ||    13
         Ring mail         |       |     8 ||     8
  Dodge: Dodged            |    25 |    14 ||    39

Table legend: (Time is in decaauts)
 A = Elapsed time spent in this place.
 B = Non-inter-level travel time spent in this place.
 C = Inter-level travel time spent in this place.
 D = Time resting spent in this place.
 E = Time spent auto-exploring this place.
 F = Levels seen in this place.
 G = Mean time per level.
                   A        B        C        D        E       F      G
               +--------+--------+--------+--------+--------+-----+--------+
         Total |    532 |    532 |      0 |      0 |    270 |   2 |  266.0 |
       Dungeon |    532 |    532 |      0 |      0 |    270 |   2 |  266.0 |
               +--------+--------+--------+--------+--------+-----+--------+

Top non-repeatable levels by time:
     D:2: 289 daAuts
     D:1: 242 daAuts
